 Dungeon Crawl Stone Soup version 0.18-a0-1078-gebb93d0 (webtiles) character file.

67 ater218 the Grave Robber (level 4, 0/30 HPs)
             Began as a Demonspawn Necromancer on Jan 14, 2016.
             Slain by Crazy Yiuf
             ... wielding a +2 quarterstaff of chaos
              (3 damage)
             ... on level 2 of the Dungeon.
             The game lasted 00:11:15 (1709 turns).

ater218 the Grave Robber (Demonspawn Necromancer)   Turns: 1709, Time: 00:11:15

Health: 0/30       AC: 13    Str:  8    XL:     4   Next: 0%
Magic:  8/8        EV:  3    Int: 18    God:
Gold:   121        SH:  0    Dex: 13    Spells: 3 memorised, 3 levels left

rFire  . . .     SeeInvis .     i - +1 dagger (protect)
rCold  . . .     Gourm    .     d - +0 scale mail
rNeg   . . .     Faith    .     (no shield)
rPois  .         Spirit   .     (helmet restricted)
rElec  .         Dismiss  .     (no cloak)
rCorr  .         Reflect  .     (no gloves)
SustAt .         Harm     .     (no boots)
MR     .....                    (no amulet)
Stlth  +.........               m - +2 ring of protection
                                h - ring of stealth

@: drained, not resistant to hostile enchantments, very unstealthy
A: horns 1, spiny 1
a: no special abilities


You were on level 2 of the Dungeon.
You were not hungry.

You visited 1 branch of the dungeon, and saw 3 of its levels.

You collected 121 gold pieces.

Inventory:

Hand Weapons
 i - a +1 dagger of protection (weapon)
Armour
 d - a +0 scale mail (worn)
Jewellery
 h - a ring of stealth (left hand)
 m - a +2 ring of protection (right hand)
Potions
 e - a potion of mutation
 j - a potion of curing {unknown}
Books
 b - a book of Necromancy

   Spells                             Type                      Level
   a - Pain                           Necromancy                   1
   b - Animate Skeleton               Necromancy                   1
   c - Vampiric Draining              Necromancy                   3
   d - Regeneration                   Charms/Necromancy            3
   e - Animate Dead                   Necromancy                   4
   f - Control Undead                 Necromancy                   4
Comestibles
 a - 4 chunks of flesh
 c - a bread ration
 f - a meat ration


   Skills:
 + Level 0.5(0.2) Armour
 + Level 2.0(1.8) Dodging
 - Level 1.8(1.6) Stealth
 + Level 2.6(2.4) Spellcasting
 + Level 5.4(5.1) Necromancy


You had 3 spell levels left.
You knew the following spells:

 Your Spells              Type           Power        Failure   Level  Hunger
a - Pain                  Necr           ###.         24%         1    #......
b - Animate Skeleton      Necr           N/A          24%         1    #......
c - Vampiric Draining     Necr           ###.......   73%         3    ###....


Dungeon Overview and Level Annotations

Branches:
Dungeon (3/15)

Altars:
Cheibriados
Fedhas

Annotations:
D:2 Crazy Yiuf
D:3 Vojta's ghost, amateur HEHu


Innate Abilities, Weirdness & Mutations

You have a pair of small horns on your head.
You are partially covered in sharp spines.


Message History

Crazy Yiuf whimpers, "Walk arga wrapper!"
You feel sick.
Crazy Yiuf laughs, "Ice stair dark!"
You feel sick.
Crazy Yiuf cries, "Ten mumblescurry sing-song!"
You feel sick.
Crazy Yiuf laughs, "Cod!
Announcement meccalolo horse."
You feel sick.
Crazy Yiuf says, "Lugonu spinner eyeball!"
Crazy Yiuf whimpers, "Hack!"
Crazy Yiuf whimpers, "Proton!"
You feel sick.
You feel sick.
You are no longer poisoned.
Crazy Yiuf whimpers, "Goober arm illywillydillykilly!"
Crazy Yiuf cries, "Rot canine green!"
There is a stone staircase leading up here.
Crazy Yiuf is struck by your spines.
Crazy Yiuf hits you with a quarterstaff of chaos.
You die...

.....# #...#
#..##......#
)....# #...#
#.)##.##..#####
.....####...#
#..##.#.........
###.........#
#.....#.#.######
#.........#
##.####.#.#
#.........#
#......#.#
#.........#
##..####+#
#.........####<..#
#.)..........g@..#
#........[######.#
#.........# #.#
#.........# #..
#......)..# ##.#
#.......).# .#
#.).......#
########'##
#.....#


You could see Crazy Yiuf.

Vanquished Creatures
  Jessica (D:2)
  A worm (D:2)
  2 giant geckos
  3 giant cockroaches
  9 goblins
  3 hobgoblins
  5 kobolds
  A quokka (D:3)
  A ball python (D:2)
  4 bats
  2 giant newts (D:1)
  3 rats (D:2)
  A fungus (D:2)
36 creatures vanquished.

Vanquished Creatures (collateral kills)
  A giant newt (D:1)
1 creature vanquished.

Vanquished Creatures (others)
  An orc wizard (D:3)
  4 orcs (D:3)
5 creatures vanquished.

Grand Total: 42 creatures vanquished

Notes
Turn   | Place    | Note
--------------------------------------------------------------
     0 | D:1      | ater218 the Demonspawn Necromancer began the quest for the Orb.
     0 | D:1      | Reached XP level 1. HP: 13/13 MP: 3/3
   197 | D:1      | Learned a level 1 spell: Animate Skeleton
   349 | D:1      | Gained mutation: You are partially covered in sharp spines. [demonic ancestry]
   349 | D:1      | Reached XP level 2. HP: 13/19 MP: 5/5
   572 | D:1      | Reached skill level 5 in Necromancy
  1012 | D:2      | Reached XP level 3. HP: 11/24 MP: 1/6
  1181 | D:2      | Learned a level 3 spell: Vampiric Draining
  1192 | D:2      | Found a snail-covered altar of Cheibriados.
  1239 | D:2      | Noticed Jessica
  1265 | D:2      | Killed Jessica
  1409 | D:2      | Found a blossoming altar of Fedhas.
  1474 | D:2      | Noticed Crazy Yiuf
  1548 | D:3      | Gained mutation: You have a pair of small horns on your head. [demonic ancestry]
  1548 | D:3      | Reached XP level 4. HP: 11/30 MP: 3/8
  1616 | D:3      | Noticed Vojta's ghost (amateur HEHu)
  1709 | D:2      | Slain by Crazy Yiuf

Vault maps used:
D:1:      lightli_arrival_statue_moat
D:2:      ashenzari_altar_1, fedhas_altar_3, lemuel_round_altar,
          uniq_crazy_yiuf_cottage, uniq_jessica
D:3:      lemuel_castle_with_subvaults, nemelex_altar_shiori

Action                   |  1- 3 |  4- 6 || total
-------------------------+-------+-------++-------
Melee: Short sword       |    16 |       ||    16
       Dagger            |    52 |     2 ||    54
 Cast: Pain              |    41 |     1 ||    42
       Animate Skeleton  |     3 |     2 ||     5
  Use: Scroll            |     2 |     1 ||     3
       Potion            |     2 |       ||     2
  Eat: Chunk             |     2 |     1 ||     3
